 Dungeon Crawl Stone Soup version 0.30.1-11-g7821555f0a (webtiles) character file.

Game seed: 3986833764314685414

26 lonewolfV2 the Shield-Bearer (level 3, -1/29 HPs)
             Began as a Formicid Fighter on Nov 3, 2023.
             Slain by a gnoll
             ... wielding a +0 flail
              (3 damage)
             ... on level 2 of the Dungeon.
             The game lasted 00:01:37 (1211 turns).

lonewolfV2 the Shield-Bearer (Formicid Fighter)     Turns: 1211, Time: 00:01:38

Health: -1/29      AC: 10    Str: 22    XL:     3   Next: 22%
Magic:  3/3        EV:  5    Int:  7    God:
Gold:   63         SH:  0    Dex: 13    Spells: 2/2 levels left

rFire   . . .        a - +0 war axe
rCold   . . .        c - +0 buckler
rNeg    . . .        b - +0 scale mail
rPois   .            (helmet unavailable)
rElec   .            j - +0 cloak
rCorr   .            (no gloves)
SInv    +            e - +1 pair of boots
Will    .....        h - amulet of regeneration Stlth
                     (no ring)
HPRegen 1.04/turn    (no ring)
MPRegen 0.08/turn

%: no passive effects
@: mighty, held
A: permanent stasis, dig shafts and tunnels, antennae 3, four strong arms
a: Dig, Shaft Self


You were on level 2 of the Dungeon.
You visited 1 branch of the dungeon, and saw 2 of its levels.

You collected 63 gold pieces.

Inventory:

Hand Weapons
 a - a +0 war axe (weapon)
Armour
 b - a +0 scale mail (worn)
 c - a +0 buckler (worn)
 e - a +1 pair of boots (worn)
 j - a +0 cloak (worn)
Jewellery
 h - an amulet of regeneration (around neck)
 m - a ring of fire
Scrolls
 f - a scroll of amnesia
Potions
 i - a potion of haste {unknown}
 n - 2 potions of flight


   Skills:
 - Level 3.2 Fighting
 - Level 2.0 Axes
 - Level 3.2 Armour
 * Level 2.3 Dodging
 - Level 4.0 Shields


You had 2 spell levels left.
You didn't know any spells.
Your spell library was empty.

Dungeon Overview and Level Annotations

Branches:
Dungeon (2/15)

Altars:
Sif Muna


Innate Abilities, Weirdness & Mutations

You cannot be hasted, slowed, berserked, paralysed or teleported.
You can dig through walls and to a lower floor.
You have a pair of large antennae on your head. (SInv)
Your four strong arms can wield two-handed weapons with a shield.


Message History

There is an open door here.
You now have 63 gold pieces (gained 11).
Could not explore, unopened door.
Could not explore, unopened door.
You open the door.
There is an open door here.
Found a shimmering blue altar of Sif Muna.
A gnoll comes into view. It is wielding a +0 spear.
The gnoll shouts!
You hear a shout!
A gnoll comes into view. It is wielding a +0 flail.
There are monsters nearby!
A gnoll comes into view. It is wielding a +0 halberd.
You block the gnoll's attack.
You see here 8 gold pieces.
The gnoll hits you but does no damage.
The gnoll throws a throwing net.
The throwing net hits you.
You become entangled in the net!
You see here a throwing net.
You struggle against the net.
The gnoll hits you from afar with a +0 spear.
You struggle against the net.
The gnoll barely misses you.
You struggle against the net.
The gnoll hits you with a +0 flail.
The gnoll hits you from afar with a +0 spear.
You struggle against the net.
The gnoll hits you with a +0 flail! The gnoll hits you but does no damage.
You rip the net and break free!
You block the gnoll's attack.
The gnoll hits you from afar with a +0 spear.
The gnoll barely misses you.
You hit the gnoll.
The gnoll is moderately wounded.
You block the gnoll's attack.
The gnoll hits you from afar with a +0 spear.
The gnoll throws a throwing net.
The throwing net hits you.
You become entangled in the net!
The gnoll hits you with a +0 flail.
The gnoll hits you from afar with a +0 halberd!
* * * LOW HITPOINT WARNING * * *
The gnoll hits you from afar with a +0 spear.
* * * LOW HITPOINT WARNING * * *
You feel very mighty all of a sudden. The gnoll hits you with a +0 flail.
You die...

.# .# ####.# ....###
#######.....# ## ##
............#### ..
.# ........._......
.####.#
########@$g..###
.#..#.#
#.......g......#
.#..#.#
#.#####.#.g###...
.#..#.# #. #.#..... .
...>#.# #.#
#.######g. .#....#
#.#####'#####
.....##.#...........#
.....'>.#...........#
...[.####...........#


You could see 3 gnolls.

Vanquished Creatures
  A dart slug (D:1)
  An endoplasm (D:1)
  2 giant cockroaches (D:1)
  A goblin (D:1)
  2 hobgoblins (D:1)
  2 jackals (D:2)
  2 quokkas (D:1)
  3 ball pythons (D:1)
  A bat (D:1)
  4 kobolds
  5 rats (D:1)
24 creatures vanquished.

Notes
Turn   | Place    | Note
-------+----------+-------------------------------------------
     0 | D:1      | lonewolfV2 the Formicid Fighter began the quest for the
                  | Orb.
     0 | D:1      | Reached XP level 1. HP: 18/18 MP: 1/1
   258 | D:1      | Reached skill level 1 in Dodging
   343 | D:1      | Reached XP level 2. HP: 24/24 MP: 2/2
   473 | D:1      | Found a faded altar of an unknown god.
   603 | D:1      | Reached XP level 3. HP: 29/29 MP: 3/3
  1198 | D:2      | Found a shimmering blue altar of Sif Muna.
  1210 | D:2      | HP: 1/29 [gnoll/+0 spear (3)]
  1211 | D:2      | Slain by a gnoll

Illustrated notes

Levels and vault maps discovered:
D:1:      dpeg_arrival_circle_labyrinth_c, layout_basic,
          chequers_ecumenical_altar_simple_redux, minmay_misc_feat_five
D:2:      layout_basic, basic_altar, kennysheep_generic_room_2

Skill      XL: |  1  2 |
---------------+-------+-----
Dodging        | 1 2 |  2.3
Fighting       | |  3.2
Axes           | |  2.0
Armour         | |  3.2
Shields        | |  4.0

Action                     || total
---------------------------++-------
  Melee: War axe           ||    52
    Use: Scroll            ||     5
         Potion            ||     1
 Armour: Scale mail        ||    31
  Dodge: Dodged            ||    41
  Block: Buckler           ||    15
